Map: Ulrena

Players

BuRny

  • Race: Terran Terran
  • League: Master

Tokoroth - Winner!

  • Race: Terran Terran
  • League: Master

VOD

Have the link to the VOD?

Description

Time

  • Played on: April 30, 2016, 7:44 a.m.
  • Length: 7:47
Show
View Real Time Build Order
Export as new Build Order

BuRny Terran 

Build Orders:  

Get SALT Encoding   

  12  0:01  SCV  
  13  0:13  SCV  
  14  0:18  Supply Depot  
  14  0:25  SCV  
  15  0:39  SCV  
  15  0:42  Barracks  
  16  0:52  SCV  
  17  1:04  Refinery, SCV  
  18  1:16  SCV  
  19  1:29  Orbital Command  
  19  1:30  Marine  
  20  1:35  Refinery  
  20  1:49  Marine  
  21  1:56  SCV  
  21  1:59  Supply Depot  
  22  2:04  Factory  
  22  2:06  Marine  
  23  2:21  SCV  
  24  2:24  Marine  
  25  2:33  SCV  
  26  2:38  Command Center  
  26  2:42  Marine  
  27  2:45  SCV  
  27  2:48  Factory Tech Lab  
  28  2:51  Starport  
  28  2:57  Supply Depot  
  28  3:00  Marine, SCV  
  30  3:14  SCV  
  30  3:19  Engineering Bay, Siege Tank  
  34  3:30  Supply Depot  
  34  3:33  Barracks Reactor  
  34  3:34  Viking  
  34  3:38  SCV  
  37  3:51  Siege Tank  
  37  3:53  Orbital Command  
  40  3:56  SCV  
  40  4:02  Missile Turret  
  41  4:07  Medivac  
  43  4:10  Marine  
  43  4:11  Marine  
  43  4:12  Orbital Command  
  43  4:16  SCV  
  46  4:21  Terran Infantry Weapons Level 1  
  46  4:33  Marine  
  46  4:37  Marine  
  46  4:38  SCV x2  
  50  4:53  Command Center  
  50  4:56  SCV  
  51  5:00  Marine x2  
  51  5:04  Viking  
  51  5:05  SCV  
  56  5:08  SCV  
  56  5:14  Siege Tank  
  60  5:21  Barracks  
  60  5:23  Barracks  
  60  5:25  Marine  
  60  5:26  Marine  
  62  5:36  Supply Depot  
  62  5:49  SCV  
  62  5:51  Marine, Medivac  
  62  5:52  Marine  
  62  5:53  SCV  
  62  6:02  SCV, Siege Tank  
  63  6:05  SCV  
  63  6:09  Marine  
  63  6:10  Marine  
  63  6:11  Barracks Tech Lab, Barracks Reactor  
  63  6:13  SCV  
  64  6:27  Marine  
  64  6:28  Marine  
  65  6:35  Marine  
  65  6:51  Marine  
  65  6:53  Marine  
  65  6:56  Viking, Barracks Reactor  
  65  6:58  Viking  
  69  7:15  Orbital Command  
  69  7:17  Marine x2  
  69  7:18  Marine  
Show
View Real Time Build Order
Export as new Build Order

Tokoroth Terran - Winner!

Build Orders: 1/1/1 

Get SALT Encoding   

  12  0:00  SCV  
  13  0:13  SCV  
  14  0:17  Supply Depot  
  14  0:25  SCV  
  15  0:31  Refinery  
  15  0:39  SCV  
  16  0:45  Barracks  
  16  0:51  SCV  
  17  0:57  Refinery  
  17  1:03  SCV  
  18  1:15  SCV  
  19  1:32  Orbital Command  
  19  1:34  Factory  
  19  1:43  Marine  
  20  1:57  Supply Depot  
  21  2:01  SCV  
  21  2:02  Barracks Reactor  
  21  2:13  SCV  
  22  2:19  Starport, Factory Tech Lab  
  22  2:25  SCV  
  23  2:30  Supply Depot  
  23  2:38  Marine x2  
  25  2:45  SCV  
  25  2:48  Factory Tech Lab  
  26  3:01  Marine x2  
  26  3:04  Raven  
  30  3:07  SCV  
  30  3:09  Siege Tank  
  34  3:14  Supply Depot  
  34  3:20  Marine x2  
  34  3:27  Supply Depot  
  36  3:40  Marine x2  
  38  3:45  Siege Tank  
  41  3:53  Starport Reactor  
  41  4:01  Command Center  
  41  4:05  Marine x2  
  42  4:21  Supply Depot, Siege Tank  
  45  4:25  SCV  
  46  4:37  Viking  
  48  4:40  Viking  
  50  4:48  Marine x2  
  52  5:06  Siege Tank  
  55  5:12  Viking  
  57  5:17  Viking  
  59  5:23  Marine x2  
  56  6:05  Marine x2  
  58  6:30  Marine x2  
  54  6:48  Viking x2  
  54  6:49  Siege Tank  
  54  6:50  Marine x2  
Tags
 
Matchup
TvT
Opening
1/1/1
Race
Terran
Add a new tag
Caveats
  • Supply blocks, unpowered buildings, or Contaminate may cause inaccurate times.
  • Supply counts are checked every 10 seconds.